 Dungeon Crawl Stone Soup version 0.22-a0-587-g7d32d7c (webtiles) character file.

172 Darkshadow the Cudgeler (level 5, -2/70 HPs)
             Began as a Minotaur Berserker on July 4, 2018.
             Was a Priest of Trog.
             Slain by an orc wizard
             ... wielding a +0 dagger
              (4 damage)
             ... on level 3 of the Dungeon.
             The game lasted 00:04:07 (3018 turns).

Darkshadow the Cudgeler (Minotaur Berserker)        Turns: 3018, Time: 00:04:07

Health: -2/70      AC: 12    Str: 27    XL:     5   Next: 27%
Magic:  4/4        EV:  8    Int:  4    God:    Trog [***...]
Gold:   75         SH:  0    Dex: 10    Spells: 4/4 levels left

rFire    . . .     SeeInvis .   a - +0 mace
rCold    . . .     Gourm    .   (no shield)
rNeg     . . .     Faith    .   t - +0 plate armour
rPois    .         Spirit   .   (helmet restricted)
rElec    .         Reflect  .   (no cloak)
rCorr    .         Harm     .   (no gloves)
MR       ++...                  n - +0 pair of boots
Stlth    ..........             (no amulet)
HPRegen  1.21/turn              (no ring)
MPRegen  0.09/turn              (no ring)

@: berserking, regenerating, drained, very quick
A: retaliatory headbutt, horns 2
a: Berserk, Trog's Hand, Renounce Religion


You were on level 3 of the Dungeon.
You worshipped Trog.
Trog was most pleased with you.
You were hungry.

You visited 1 branch of the dungeon, and saw 3 of its levels.

You collected 75 gold pieces.

Inventory:

Hand Weapons
 a - a +0 mace (weapon)
Armour
 b - a +0 animal skin
 n - a +0 pair of boots (worn)
 t - a +0 plate armour (worn)
Jewellery
 h - a +3 ring of protection {unknown}
 r - an uncursed ring of stealth {unknown}
Wands
 q - a wand of polymorph (8)
Scrolls
 d - a scroll of amnesia {unknown}
 e - 3 scrolls of identify {unknown}
 f - 2 scrolls of fear {unknown}
 g - a scroll of immolation {unknown}
 i - a scroll of enchant weapon {unknown}
 k - a scroll of teleportation {unknown}
 o - a scroll of random uselessness {unknown}
Potions
 j - a potion of flight {unknown}
 l - a potion of brilliance {unknown}
 m - a potion of curing {unknown}
 p - 2 potions of resistance {unknown}
Comestibles
 c - 3 rations


   Skills:
 + Level 4.7 Fighting
 * Level 5.5 Maces & Flails
 + Level 3.9 Armour
 - Level 2.5 Dodging


You had 4 spell levels left.
You didn't know any spells.
Your spell library was empty.

Dungeon Overview and Level Annotations

Branches:
Dungeon (3/15)

Altars:
Ru

Annotations:
D:3 Terence


Innate Abilities, Weirdness & Mutations

You reflexively headbutt those who attack you in melee.
You have a pair of horns on your head.


Message History

The orc hits you but does no damage. x2; Something hits you but does no damage.
The orc priest barely misses you.
The orc priest hits you but does no damage.
Your plate armour prevents you from hitting something.
The orc hits you but does no damage. x2; Something hits you but does no damage.
The orc priest barely misses you. You furiously retaliate!
You headbutt the orc priest. The orc priest closely misses you.
Your skin crawls.
You feel resistant to hostile enchantments.
You feel somewhat more hungry.
The orc priest casts a cantrip, but nothing happens.
Something hits you but does no damage. The orc hits you but does no damage.
The orc priest invokes the aid of Beogh against you.
Beogh smites you!
* * * LOW HITPOINT WARNING * * *
A red film seems to cover your vision as you go berserk!
You feel yourself moving faster!
You feel mighty!
You are feeling hungry.
Something hits you.
You die...

.................#....#.# #.#.#
......†..........#....#.# #.#.#
.................#....#.# #.#.#
........................# #.#.#
............(....#....######.#.#
.................#.............#
.................#####.......###
...............o{............#
..............oo@#...#......##
...............)o#...#......#
..........>.....o############
........ ........# ........
........# ........ ........#
........ ........# ........
........# .......


You could see 2 orc priests and 3 orcs.

Vanquished Creatures
  Robin (D:3)
  6 adders
  An ooze (D:1)
  A worm (D:2)
  2 leopard geckos (D:2)
  11 orcs (D:3)
  10 bats
  5 giant cockroaches
  21 goblins
  9 hobgoblins
  5 frilled lizards
  3 kobolds
  10 rats
85 creatures vanquished.

Notes
Turn   | Place    | Note
-------+----------+-------------------------------------------
     0 | D:1      | Darkshadow the Minotaur Berserker began the quest for the Orb.
     0 | D:1      | Reached XP level 1. HP: 19/19 MP: 0/0
   110 | D:1      | Reached XP level 2. HP: 24/27 MP: 1/1
   533 | D:1      | Reached skill level 4 in Maces & Flails
   936 | D:2      | Reached XP level 3. HP: 29/33 MP: 2/2
  1325 | D:2      | Reached ** piety under Trog
  1325 | D:2      | Reached XP level 4. HP: 40/40 MP: 3/3
  1931 | D:3      | Reached skill level 5 in Maces & Flails
  2222 | D:3      | Noticed Terence
  2450 | D:3      | Noticed Robin
  2465 | D:3      | Killed Robin
  2468 | D:3      | Reached XP level 5. HP: 37/47 MP: 4/4
  2731 | D:3      | Found a sacrificial altar of Ru.
  2754 | D:3      | Reached *** piety under Trog
  3017 | D:3      | HP: 1/47 [orc priest/divine providence (14)]
  3018 | D:3      | Slain by an orc wizard

Vault maps used:
D:1:      evilmike_arrival_grusome_pit, minmay_pentomino_v2
D:2:      first_ration, serial_aquarium, aquarium_bridge_long_separate,
          aquarium_bridge_square, aquarium_window_1, aquarium_window_2,
          aquarium_view_2a, aquarium_view_2d
D:3:      nicolae_ru_awakened_eye, uniq_robin, uniq_terence

Skill      XL: |  1  2  3  4 |
---------------+-------------+-----
Maces & Flails | 4 5 |  5.5
Fighting       | 4 |  4.7
Armour         | 3 |  3.9
Dodging        | |  2.5

Action                   |  1- 3 |  4- 6 || total
-------------------------+-------+-------++-------
Melee: Mace              |    67 |   100 ||   167
       Headbutt          |    10 |    21 ||    31
Invok: Berserk           |       |     2 ||     2
       Trog's Hand       |       |     1 ||     1
 Stab: Sleeping          |     1 |       ||     1
  Eat: Chunk             |     1 |     4 ||     5
       Ration            |       |     1 ||     1
Armor: Animal skin       |    18 |    11 ||    29
       Plate armour      |       |    39 ||    39
Dodge: Dodged            |    45 |    76 ||   121

Table legend:
 A = Spawn XP
 B = Non-spawn XP
 C = Spawn XP percentage of total XP
 D = Spawn monster count
 E = Non-spawn monster count
 F = Spawn count percentage of total count
 G = Total turns spent on level
                    A         B        C        D         E        F      G
               +---------+---------+-------+---------+---------+-------+---------
         Total |       0 |     247 |   0.0 |       0 |      85 |   0.0 |  3018
               +---------+---------+-------+---------+---------+-------+---------
           D:1 |       0 |      38 |   0.0 |       0 |      23 |   0.0 |   965
           D:2 |       0 |      69 |   0.0 |       0 |      17 |   0.0 |   955
           D:3 |       0 |     140 |   0.0 |       0 |      45 |   0.0 |  1098
               +---------+---------+-------+---------+---------+-------+---------
